AoeStats
← So sad

Black Forest

508283293Analyzed
3v3 RM · 9d ago on Sep 21, 2026· 59m 58s· 6 players
Game mode
Random Map
Map size
Normal (6 player)
Population
200
Speed
Normal
Resources
Standard
Victory
Conquest
Starting age
Dark Age
Ending age
Imperial Age
RankedLock teamsTeams togetherTeam positionsShared explorationLock speedFull tech treeHidden civsTurbo modeCheats
Victory
Defeat
🇦🇷 Spanish · Argentina
1402
+15
🇲🇽 Saracens · Mexico
1347
+18
🇪🇸 Sicilians · Spain
1280
+21
🇺🇦 Bulgarians · Ukraine
1394
-18
🇧🇾 Burgundians · Belarus
1385
-18
🇧🇾 Malay · Belarus
1377
-18
Arctic Empire
0:27 Loom
12:34 Feudal Age
17:39 Castle Age
16:27 Double-Bit Axe
17:03 Horse Collar
18:46 Heavy Plow
27:22 First Crusade
27:29 Forging
27:47 Scale Mail Armor
29:14 Iron Casting
28:41 Squires
29:44 Chain Mail Armor
29:22 Arson
32:09 Wheelbarrow
31:19 Town Watch
33:10 Gold Mining
37:09 Bow Saw
38:04 Hand Cart
40:53 Imperial Age
41:11 Town Patrol
40:34 Pikeman
41:00 Gambesons
41:07 Fletching
41:18 Padded Archer Armor
41:38 Stone Mining
42:24 Gold Shaft Mining
42:37 Bodkin Arrow
43:46 Crop Rotation
44:27 Blast Furnace
43:27 Bracer
43:03 Onager
44:06 Conscription
45:22 Plate Mail Armor
45:08 Leather Archer Armor
45:42 Stone Shaft Mining
45:21 Siege Engineers
47:17 Coinage
46:49 Caravan
48:15 Siege Engineers
49:11 Chemistry
48:32 Ballistics
48:24 Masonry
48:10 Murder Holes
49:03 Guilds
49:46 Bloodlines
49:37 Husbandry
48:58 Light Cavalry
50:24 Cavalier
51:49 Hoardings
51:27 Scale Barding Armor
52:15 Banking
52:23 Arrowslits
54:54 Chain Barding Armor
55:38 Hauberk
55:27 Elite Skirmisher
59:28 Plate Barding Armor
58:53 Sappers
FlashKiller
2:47 Loom
10:27 Feudal Age
19:07 Fletching
23:39 Castle Age
22:31 Padded Archer Armor
22:14 Horse Collar
22:29 Double-Bit Axe
23:44 Crossbowman
24:52 Bodkin Arrow
27:28 Leather Archer Armor
28:45 Bow Saw
32:00 Heavy Plow
31:53 Gold Mining
36:06 Imperial Age
36:19 Forging
36:15 Scale Barding Armor
36:53 Wheelbarrow
36:45 Bloodlines
36:55 Husbandry
37:53 Iron Casting
36:50 Heavy Camel Rider
36:56 Onager
38:46 Chemistry
39:00 Gold Shaft Mining
39:22 Hand Cart
40:31 Two-Man Saw
42:19 Blast Furnace
41:57 Siege Engineers
42:41 Chain Barding Armor
42:03 Siege Onager
42:41 Town Watch
45:33 Conscription
51:58 Thumb Ring
51:14 Elite Skirmisher
57:18 Counterweights
58:11 Light Cavalry
Blas de lezo
0:49 Loom
11:45 Feudal Age
12:34 Feudal Age
16:33 Castle Age
14:33 Double-Bit Axe
18:20 Bow Saw
40:57 Wheelbarrow
41:30 Gold Mining
41:55 Masonry
41:58 Fortified Wall
42:41 Stone Mining
45:59 Imperial Age
45:10 Light Cavalry
46:01 Bloodlines
45:51 Husbandry
46:04 Forging
46:00 Scale Barding Armor
46:14 Masonry
46:11 Elite Conquistador
46:15 Hussar
47:45 Iron Casting
47:46 Conscription
48:23 Architecture
48:00 Scale Barding Armor
47:58 Padded Archer Armor
49:57 Blast Furnace
49:17 Chain Barding Armor
51:18 Plate Barding Armor
51:19 Leather Archer Armor
50:58 Horse Collar
54:56 Ring Archer Armor
56:57 Supremacy
HURMA
1:21 Loom
11:12 Double-Bit Axe
12:56 Wheelbarrow
12:49 Horse Collar
16:24 Feudal Age
17:32 Bow Saw
20:07 Heavy Plow
20:32 Gold Mining
25:27 Castle Age
24:28 Fletching
28:06 Stone Mining
30:27 Two-Man Saw
30:22 Crop Rotation
30:49 Gold Shaft Mining
30:37 Hand Cart
34:44 Imperial Age
33:14 Padded Archer Armor
33:59 Leather Archer Armor
33:30 Treadmill Crane
34:10 Guilds
34:33 Fortified Wall
34:38 Bodkin Arrow
34:47 Scale Mail Armor
34:58 Forging
36:25 Chemistry
36:17 Stone Shaft Mining
35:44 Bracer
37:29 Town Watch
38:03 Masonry
39:52 Coinage
40:20 Burgundian Vineyards
40:36 Conscription
41:40 Banking
41:35 Caravan
43:28 Scale Barding Armor
43:38 Chain Mail Armor
43:59 Iron Casting
43:57 Architecture
43:45 Capped Ram
44:50 Ballistics
45:34 Hoardings
46:36 Chain Barding Armor
47:16 Blast Furnace
46:47 Plate Mail Armor
49:25 Plate Barding Armor
52:03 Cavalier
52:43 Husbandry
52:05 Light Cavalry
53:02 Hussar
54:21 Murder Holes
54:18 Guard Tower
54:16 Arrowslits
54:52 Bombard Tower
56:18 Onager
57:43 Keep
NiL
1:18 Loom
12:35 Feudal Age
16:56 Castle Age
16:32 Scale Mail Armor
16:48 Forging
17:35 Gambesons
18:17 Chain Mail Armor
18:08 Squires
19:53 Iron Casting
19:53 Double-Bit Axe
21:00 Fletching
34:09 Imperial Age
33:14 Wheelbarrow
32:24 Town Watch
33:30 Horse Collar
33:37 Double-Bit Axe
38:49 Bow Saw
39:21 Hand Cart
40:42 Heavy Plow
40:57 Caravan
42:55 Bodkin Arrow
43:00 Padded Archer Armor
43:38 Parthian Tactics
43:29 Thumb Ring
44:07 Capped Ram
47:05 Chemistry
46:30 Heavy Cavalry Archer
47:34 Ballistics
47:17 Bracer
47:54 Siege Ram
49:28 Scale Barding Armor
49:39 Leather Archer Armor
50:09 Bloodlines
49:59 Husbandry
49:21 Light Cavalry
50:54 Elite Skirmisher
52:28 Hussar
53:46 Chain Barding Armor
54:28 Blast Furnace
54:14 Conscription
54:04 Stirrups
54:15 Bagains
55:16 Plate Barding Armor
55:12 Plate Mail Armor
59:21 Cavalier
So sad
1:46 Loom
12:42 Feudal Age
20:26 Castle Age
33:45 Double-Bit Axe
35:24 Padded Archer Armor
35:28 Fletching
35:33 Town Watch
35:58 Elite Skirmisher
40:15 Wheelbarrow
40:11 Gold Mining
43:57 Imperial Age
42:16 Forging
42:02 Bodkin Arrow
42:22 Leather Archer Armor
43:21 Gold Shaft Mining
42:39 Stone Mining
42:38 Arson
43:40 Hand Cart
44:28 Conscription
44:30 Caravan
44:07 Man-at-Arms
44:47 Squires
44:44 Horse Collar
45:52 Masonry
46:43 Chemistry
45:58 Bracer
46:28 Ring Archer Armor
45:40 Long Swordsman
46:35 Town Patrol
46:39 Two-Handed Swordsman
47:34 Forced Levy
48:27 Ballistics
55:21 Bow Saw
60:57 Iron Casting
Connection lost

Rejoining the realm…

Still unreachable

The connection could not be restored.

Session expired

The server has moved on; the page needs a fresh start.